 Dungeon Crawl Stone Soup version 0.18-a0-1243-g9e52518 (webtiles) character file.

75 Lathuz the Firebug (level 4, -1/24 HPs)
             Began as a Deep Elf Fire Elementalist on Feb 5, 2016.
             Slain by Crazy Yiuf
             ... wielding a +4 quarterstaff of chaos
              (3 damage)
             ... on level 2 of the Dungeon.
             The game lasted 00:08:46 (2334 turns).

Lathuz the Firebug (Deep Elf Fire Elementalist)     Turns: 2334, Time: 00:08:46

Health: -1/24      AC:  3    Str:  5    XL:     4   Next: 11%
Magic:  5/10       EV: 13    Int: 21    God:
Gold:   122        SH:  0    Dex: 15    Spells: 2 memorised, 5 levels left

rFire  . . .     SeeInvis .     f - +0 dagger
rCold  . . .     Gourm    .     a - +0 robe
rNeg   . . .     Faith    .     (no shield)
rPois  .         Spirit   .     (no helmet)
rElec  .         Dismiss  .     r - +0 cloak
rCorr  .         Reflect  .     (no gloves)
SustAt .         Harm     .     (no boots)
MR     .....                    (no amulet)
Stlth  ++........               (no ring)
                                (no ring)

@: not resistant to hostile enchantments, unstealthy
A: no striking features
a: no special abilities


You were on level 2 of the Dungeon.
You were not hungry.

You visited 1 branch of the dungeon, and saw 2 of its levels.

You collected 122 gold pieces.

Inventory:

Hand Weapons
 f - a +0 dagger (weapon)
Armour
 a - a +0 robe (worn)
 r - a +0 cloak (worn)
Jewellery
 p - an uncursed ring of ice
Scrolls
 d - 4 scrolls of identify {unknown}
 h - a scroll of magic mapping {unknown}
 i - 3 scrolls of remove curse {unknown}
 k - a scroll of immolation {unknown}
 q - a scroll of enchant weapon {unknown}
Potions
 e - a potion of magic {unknown}
 g - a potion of resistance {unknown}
 j - 2 potions of curing
 l - a potion of might {unknown}
 m - 3 potions of lignification {unknown}
 n - a potion of heal wounds {unknown}
Books
 b - a book of Flames

   Spells                             Type                      Level
   a - Flame Tongue                   Conjuration/Fire             1
   b - Throw Flame                    Conjuration/Fire             2
   c - Conjure Flame                  Conjuration/Fire             3
   d - Inner Flame                    Hexes/Fire                   3
   e - Sticky Flame                   Conjuration/Fire             4
   f - Fireball                       Conjuration/Fire             5
Comestibles
 c - a meat ration
 o - a bread ration


   Skills:
 - Level 2.4 Dodging
 - Level 2.4 Stealth
 - Level 3.0 Spellcasting
 + Level 2.9 Conjurations
 + Level 4.6 Fire Magic


You had 5 spell levels left.
You knew the following spells:

 Your Spells              Type           Power        Failure   Level  Hunger
a - Flame Tongue          Conj/Fire      ###..        2%          1    None
b - Conjure Flame         Conj/Fire      ###.....     10%         3    ###....


Dungeon Overview and Level Annotations

Branches:
Dungeon (2/15)

Altars:
Makhleb
Zin

Annotations:
D:2 Crazy Yiuf


Message History

Confirm with . or Enter, or press ? or * to list all spells.
Aiming: Flame Tongue
Press: ? - help, Shift-Dir - straight line, f/p - Crazy Yiuf
Aim: Crazy Yiuf, wielding a quarterstaff of chaos and wearing an embroidered cloak (severely wounded)
The flame tongue hits Crazy Yiuf.
Crazy Yiuf appears unharmed.
Crazy Yiuf is severely wounded.
Crazy Yiuf drinks a potion.
Crazy Yiuf is healed!
Casting: Flame Tongue
Confirm with . or Enter, or press ? or * to list all spells.
Okay, then.
Crazy Yiuf laughs, "Rifle aubergine agre!"
Casting: Flame Tongue
Confirm with . or Enter, or press ? or * to list all spells.
Aiming: Flame Tongue
Press: ? - help, Shift-Dir - straight line, f/p - Crazy Yiuf
Aim: Crazy Yiuf, wielding a quarterstaff of chaos and wearing an embroidered cloak (moderately wounded)
The flame tongue hits Crazy Yiuf.
Crazy Yiuf is heavily wounded.
Crazy Yiuf hits you with a quarterstaff of chaos.
You die...

#..........# #.
########........###
##
#...............#
#.######..).....#
#.# ########## #.#
### #.########
#.#####
#.##...#.### ####
#.....##
#....PP.#@g##...#
#####..#
#....PP####.....#
##.# ##.#.P##
###..)# #.. ######
#### ### #
########## #
#........# ##
#........######.


You could see Crazy Yiuf.

Vanquished Creatures
  An adder (D:2)
  2 oozes (D:1)
  A worm (D:2)
  A giant gecko (D:1)
  8 giant cockroaches
  6 goblins
  5 hobgoblins
  3 jackals (D:1)
  A quokka (D:2)
  4 bats
  3 giant newts
  8 kobolds
  3 rats
  A fungus (D:2)
47 creatures vanquished.

Notes
Turn   | Place    | Note
--------------------------------------------------------------
     0 | D:1      | Lathuz the Deep Elf Fire Elementalist began the quest for the Orb.
     0 | D:1      | Reached XP level 1. HP: 10/10 MP: 6/6
   261 | D:1      | Reached XP level 2. HP: 15/15 MP: 6/8
   512 | D:1      | Reached skill level 4 in Fire Magic
   608 | D:1      | Reached XP level 3. HP: 19/19 MP: 7/9
   656 | D:1      | Learned a level 3 spell: Conjure Flame
  1618 | D:2      | Found a burning altar of Makhleb.
  1620 | D:2      | Found a glowing silver altar of Zin.
  1620 | D:2      | Noticed an angel
  1621 | D:2      | Noticed an Executioner
  1940 | D:2      | Reached XP level 4. HP: 20/24 MP: 2/10
  2322 | D:2      | Noticed Crazy Yiuf
  2334 | D:2      | Slain by Crazy Yiuf

Vault maps used:
D:1:      scummos_arrival_hexagon
D:2:      grunt_temple_overflow_order_and_chaos_2, first_bread,
          minmay_misc_feat_more_columns, uniq_crazy_yiuf_cottage

Action                   |  1- 3 |  4- 6 || total
-------------------------+-------+-------++-------
Melee: Dagger            |     9 |    24 ||    33
 Cast: Flame Tongue      |    76 |    10 ||    86
       Conjure Flame     |     2 |       ||     2
  Eat: Bread ration      |     1 |       ||     1
